 Dungeon Crawl Stone Soup version 0.31-a0-1612-g4aaf141004 (webtiles) character file.

Game seed: 6198017516177548427

63 kae the Vexing (level 3, -1/26 HPs)
             Began as a Demonspawn Enchanter on Jan 9, 2024.
             Slain by a gnoll
             ... wielding a +0 spear
              (7 damage)
             ... on level 3 of the Dungeon.
             The game lasted 00:01:31 (1843 turns).

kae the Vexing (Demonspawn Enchanter)               Turns: 1843, Time: 00:01:32

Health: -1/26      AC:  9    Str:  8    XL:     3   Next: 87%
Magic:  0/6        EV: 12    Int: 15    God:
Gold:   56         SH:  0    Dex: 15    Spells: 4/6 levels left

rFire   . . .        a - +1 dagger
rCold   . . .        (no shield)
rNeg    . . .        b - +0 robe
rPois   .            r - +2 helmet
rElec   .            (no cloak)
rCorr   .            t - +0 pair of gloves
SInv    .            j - +0 pair of boots
Will    .....        (no amulet)
Stlth   ++           (no ring)
HPRegen 0.24/turn    (no ring)
MPRegen 0.20/turn

%: no passive effects
@: no status effects
A: slimy green scales 1, magic regeneration
a: no special abilities


You were on level 3 of the Dungeon.
You visited 1 branch of the dungeon, and saw 3 of its levels.

You collected 145 gold pieces.
You spent 89 gold pieces at shops.


Innate Abilities, Weirdness & Mutations

You are partially covered in slimy green scales. (AC +2)
You regenerate magic rapidly.


   Skills:
 + Level 1.2 Fighting
 * Level 2.0 Short Blades
 - Level 1.7 Dodging
 * Level 3.2 Stealth
 + Level 2.2 Spellcasting
 + Level 3.2 Hexes
 + Level 0.3 Ice Magic


You had 4 spell levels left.
You knew the following spells:

 Your Spells              Type           Power      Damage    Failure   Level
a - Ensorcelled Hibernat  Hex/Ice        14%        N/A       16%         2

Your spell library contained the following spells:

 Spells                   Type           Power      Damage    Failure   Level
 Confusing Touch          Hex            11%        N/A       17%         3
 Tukima's Dance           Hex            11%        N/A       17%         3
 Dazzling Flash           Conj/Hex       12%        N/A       32%         3
 Gell's Gravitas          Tloc           1%         N/A       54%         3
 Teleport Other           Tloc           1%         N/A       54%         3
 Dispersal                Tloc           0%         N/A       100%        6

Inventory:

Hand Weapons
 a - a +1 dagger (weapon)
Missiles
 e - 30 stones (quivered)
 k - 5 javelins
 u - 7 poisoned darts
Armour
 b - a +0 robe (worn)
 j - a +0 pair of boots (worn)
   (You found it on level 1 of the Dungeon)
 r - a +2 helmet (worn)
   (You found it on level 3 of the Dungeon)
 t - a +0 pair of gloves (worn)
   (You found it on level 3 of the Dungeon)
Magical Staves
 h - a staff of fire {!a}
   (You found it on level 1 of the Dungeon)
Scrolls
 d - a scroll of noise {unknown}
 f - a scroll of teleportation {unknown}
 n - a scroll of blinking {unknown}
 p - a scroll of identify {unknown}
 s - a scroll of immolation {unknown}
Potions
 c - 2 potions of invisibility
 g - 2 potions of lignification {!q}
 i - a potion of ambrosia {unknown}
 l - 2 potions of curing {@q1}
 m - a potion of mutation {unknown}
 o - 2 potions of heal wounds {unknown}
 q - a potion of degeneration {!q}

Dungeon Overview and Level Annotations

Branches:
Dungeon (3/15) Zot: 16169

Altars:

Shops:
D:2 !!

Annotations:
D:3 1 runed translucent door, Crazy Yiuf g

#....# #...+.#####....
..##########....# #...##..#......
................# ### ###.#.....
#..............# ########
.#....)......... #.
.#...........# ############## ##
.#...........###............#####
.'...........'g')................
##...........###@...........#####
...#......#.................#
..........#......<..........#
..........#.......#####.....##
..........#..................####
...#......#.................#....
..........#.................#.###
....##....)................##.#
....##................†....##.###


You could see a gnoll.


Message History

The hobgoblin hits you but does no damage. 😕 HP[+1]
A hobgoblin is nearby!
You hit the hobgoblin.
You kill the hobgoblin!
Your Short Blades skill increases to level 2!
No target in view!
You now have enough gold to buy a potion of heal wounds on D:2.
You can access your shopping list by pressing '$'.
You now have 56 gold pieces (gained 10). 😎 HP[+3]
Your hp is fully restored (26).
Found a runed translucent door.
No target in view!
No target in view!
Crazy Yiuf shouts!
Crazy Yiuf says, "Crazy?
Crazy!?
PORCUPINE!"
A rat comes into view.
You see here a +0 dagger.
There is an open door here.
A rat is nearby!
A rat is nearby!
There is an open door here.
A kobold comes into view. It is wielding a +0 short sword.
There are monsters nearby!
The kobold shouts!
There are monsters nearby!
A gnoll comes into view. It is wielding a +0 spear.
The kobold closely misses you.
The rat squeaks loudly.
The gnoll shouts!
You hit the kobold but do no damage.
You hear a shout!
There are monsters nearby!
There are monsters nearby!
You closely miss the kobold. The kobold closely misses you.
You hit the kobold.
You kill the kobold!
You hit the rat. The rat barely misses you.
You closely miss the rat. The rat completely misses you.
There are monsters nearby!
There are monsters nearby!
You closely miss the rat. The rat bites you but does no damage.
The gnoll hits you from afar with a +0 spear.
You hit the rat.
You kill the rat!
A gnoll comes into view. It is wielding a +0 club.
The gnoll hits you but does no damage. 😕 HP[-4]
You take 4 damage, and now have 22/26 hp.
Unknown command.
The gnoll attacks as it pursues you!
The gnoll hits you from afar with a +0 spear. 😮 HP[-4]
You take 4 damage, and now have 18/26 hp.
The gnoll attacks as it pursues you! The gnoll closely misses you. 😮 HP[+1]
The gnoll attacks as it pursues you!
The gnoll hits you from afar with a +0 spear. 😮 HP[-3]
You take 3 damage, and now have 16/26 hp.
The gnoll attacks as it pursues you! The gnoll misses you.
There is an open door here. 😮 HP[+1]
The gnoll attacks as it pursues you! The gnoll hits you but does no damage.
There is an open door here.
You see here a +0 dagger.
There is an open door here.
Casting: Ensorcelled Hibernation (safe; 16% risk of failure)
Confirm with . or Enter, or press ? or * to list all spells.
Aiming: Ensorcelled Hibernation (safe; 16% risk of failure)
Press: ? - help, Shift-Dir - straight line, f - gnoll
Aim: a gnoll, wielding a +0 spear (chance to affect: 50%)
The gnoll resists with some effort.
The gnoll hits you with a +0 spear!
* * * LOW HITPOINT WARNING * * *
😨 HP[-6] MP[-2]
You take 6 damage, and now have 11/26 hp.
MASSIVE DAMAGE!! (PAUSE)
You lost 2 mp, and now have 4/6 mp.
Casting: Ensorcelled Hibernation (safe; 16% risk of failure)
Confirm with . or Enter, or press ? or * to list all spells.
Aiming: Ensorcelled Hibernation (safe; 16% risk of failure)
Press: ? - help, Shift-Dir - straight line, f/p - gnoll
Aim: a gnoll, wielding a +0 spear (chance to affect: 50%)
The gnoll resists with some effort.
The gnoll hits you with a +0 spear.
* * * LOW HITPOINT WARNING * * *
😱 HP[-5] MP[-2]
You take 5 damage, and now have 6/26 hp.
You lost 2 mp, and now have 2/6 mp.
Unknown command.
Casting: Ensorcelled Hibernation (safe; 16% risk of failure)
Confirm with . or Enter, or press ? or * to list all spells.
Aiming: Ensorcelled Hibernation (safe; 16% risk of failure)
Press: ? - help, Shift-Dir - straight line, f/p - gnoll
Aim: a gnoll, wielding a +0 spear (chance to affect: 50%)
The gnoll resists with some effort.
The gnoll barely misses you. 😱 MP[-2]
You lost 2 mp, and now have 0/6 mp.
Unknown command.
The gnoll hits you from afar with a +0 spear!
You die...

Skill      XL: |  1  2  3 |
---------------+----------+-----
Short Blades   | 1 2 |  2.0
Stealth        | 3 |  3.2
Fighting       | 1 |  1.2
Dodging        | |  1.7
Spellcasting   | |  2.2
Hexes          | |  3.2
Ice Magic      | |  0.3

Action                     || total
---------------------------++-------
  Melee: Dagger            ||   182
         Punch             ||     3
   Cast: Ensorcelled Hiber ||     6
    Use: Scroll            ||     1
   Stab: Sleeping          ||     6
 Armour: Robe              ||    97
  Dodge: Dodged            ||   117

Levels and vault maps discovered:
D:1:      shiori_arrival_maze, layout_basic, st_stairs_14, minmay_tiny_reverse_x
D:2:      layout_rooms, serial_shops, nicolae_shop_tiny_real_fake_doors,
          nicolae_shop_industrial_runoff, minivault_25
D:3:      layout_basic, trog_antimagical, uniq_crazy_yiuf_cottage

Notes
Turn   | Place    | Note
-------+----------+-------------------------------------------
     0 | D:1      | kae the Demonspawn Enchanter began the quest for the Orb.
     0 | D:1      | Reached XP level 1. HP: 13/13 MP: 3/3
     0 | D:1      | magus.rc [v1.11.3]
    67 | D:1      | Reached skill level 1 in Short Blades
   150 | D:1      | You add the spells Gell's Gravitas, Teleport Other and
                  | Dispersal to your library.
   193 | D:1      | Gained mutation: You regenerate magic rapidly. [demonic
                  | ancestry]
   193 | D:1      | Reached XP level 2. HP: 10/20 MP: 5/5
   275 | D:1      | Learned a level 2 spell: Ensorcelled Hibernation
   445 | D:1      | Reached skill level 3 in Stealth
   855 | D:2      | Gained mutation: You are partially covered in slimy green
                  | scales. (AC +2) [demonic ancestry]
   855 | D:2      | Reached XP level 3. HP: 23/25 MP: 6/6
   881 | D:2      | Found Cienuot's Distillery.
   892 | D:2      | Bought a potion of curing for 39 gold pieces
   892 | D:2      | Bought a potion of lignification for 39 gold pieces
  1088 | D:2      | Found Fiuthezud's Distillery.
  1092 | D:2      | Bought a potion of degeneration for 11 gold pieces
  1476 | D:3      | Reached skill level 1 in Fighting
  1745 | D:3      | Reached skill level 2 in Short Blades
  1780 | D:3      | Found a runed translucent door.
  1781 | D:3      | Noticed Crazy Yiuf
  1841 | D:3      | HP: 6/26 [gnoll/+0 spear (5)]
  1843 | D:3      | Slain by a gnoll

Vanquished Creatures
  An adder (D:2)
  2 dart slugs
  5 ball pythons
  5 bats
  5 endoplasms
  2 giant cockroaches
  5 goblins
  7 hobgoblins
  2 jackals (D:1)
  3 kobolds
  A quokka (D:3)
  2 frilled lizards (D:1)
  2 rats (D:3)
42 creatures vanquished.

Table legend:
 A = Non-vault XP
 B = Vault XP
 C = Vault XP percentage of total XP
 D = Non-vault monster count
 E = Vault monster count
 F = Vault count percentage of total count
                 A         B        C        D         E       F
            +---------+---------+-------+---------+---------+-------
      Total |      82 |       8 |   8.9 |      37 |       5 |  11.9
            +---------+---------+-------+---------+---------+-------
        D:1 |      27 |       8 |  22.9 |      15 |       5 |  25.0
        D:2 |      26 |       0 |   0.0 |       7 |       0 |   0.0
        D:3 |      29 |       0 |   0.0 |      15 |       0 |   0.0
            +---------+---------+-------+---------+---------+-------

Skill      XL: |  1  2  3 |
---------------+----------+-----
Short Blades   | 1 2 |  2.0
Stealth        | 3 |  3.2
Fighting       | 1 |  1.2
Dodging        | |  1.7
Spellcasting   | |  2.2
Hexes          | |  3.2
Ice Magic      | |  0.3

Action                     || total
---------------------------++-------
  Melee: Dagger            ||   182
         Punch             ||     3
   Cast: Ensorcelled Hiber ||     6
    Use: Scroll            ||     1
   Stab: Sleeping          ||     6
 Armour: Robe              ||    97
  Dodge: Dodged            ||   117

Illustrated notes

Table legend:
 A = Kills in this place as a percentage of kills in the entire game.
 B = Kills by you in this place as a percentage of kills by you in the entire game.
 C = Kills by friends in this place as a percentage of kills by friends in the entire game.
 D = Other kills in this place as a percentage of other kills in the entire game.
 E = Experience gained in this place as a percentage of experience gained in the entire game.
 F = Experience gained in this place divided by the number of levels of this place that you have seen.
                   A       B       C       D       E      F
               +-------+-------+-------+-------+-------+----------------------
         Total | 100.0 | 100.0 |   N/A |   N/A | 100.0 |  30.0
       Dungeon | 100.0 | 100.0 |   N/A |   N/A | 100.0 |  30.0
               +-------+-------+-------+-------+-------+----------------------

Table legend: (Time is in decaauts)
 A = Elapsed time spent in this place.
 B = Non-inter-level travel time spent in this place.
 C = Inter-level travel time spent in this place.
 D = Time resting spent in this place.
 E = Time spent auto-exploring this place.
 F = Levels seen in this place.
 G = Mean time per level.
                   A        B        C        D        E       F      G
               +--------+--------+--------+--------+--------+-----+--------+
         Total |   1830 |   1792 |     38 |     12 |   1346 |   3 |  610.0 |
       Dungeon |   1830 |   1792 |     38 |     12 |   1346 |   3 |  610.0 |
               +--------+--------+--------+--------+--------+-----+--------+

Top non-repeatable levels by time:
     D:1: 725 daAuts
     D:2: 646 daAuts
     D:3: 458 daAuts
